 Dungeon Crawl Stone Soup version 0.25-a0-663-gace7076f2c (webtiles) character file.

Game seed: 1032890074261414957, levelgen mode: deterministic

62 ReteAZ the Skirmisher (level 4, -7/40 HPs)
             Began as a Ghoul Fighter on Mar 25, 2020.
             Splashed by Ijyb's acid (12 damage)
             ... on level 3 of the Dungeon.
             The game lasted 00:01:28 (1690 turns).

ReteAZ the Skirmisher (Ghoul Fighter)               Turns: 1690, Time: 00:01:28

Health: -7/40      AC:  0    Str: 19    XL:     4   Next: 8%
Magic:  3/3        EV:  5    Int:  4    God:
Gold:   103        SH: 15    Dex:  8    Spells: 3/3 levels left

rFire    . . .     SeeInvis .     - Unarmed
rCold    + . .     Gourm    .   j - +2 tower shield
rNeg     + + +     Faith    .   a - +0 scale mail
rPois    ∞         Spirit   .   k - +1 hat
rElec    .         Reflect  .   (no cloak)
rCorr    .         Harm     .   q - +0 pair of gloves
MR       .....                  (no boots)
Stlth    ..........             (no amulet)
HPRegen  0.00/turn              (no ring)
MPRegen  0.08/turn              (no ring)

@: corroded, rotting
A: rotting body, claws 1, carnivore, cold resistance 1, negative energy
resistance 3, inhibited regeneration, torment resistance, unbreathing
a: no special abilities


You were on level 3 of the Dungeon.
You were not hungry.

You visited 1 branch of the dungeon, and saw 3 of its levels.

You collected 103 gold pieces.

Inventory:

Missiles
 i - 12 poisoned darts (quivered)
Armour
 a - a +0 scale mail (worn)
 b - a +0 kite shield
 j - a +2 tower shield (worn)
 k - a +1 hat (worn)
 q - a +0 pair of gloves (worn)
Jewellery
 s - an uncursed amulet of guardian spirit {unknown}
Wands
 u - a wand of flame (28)
Scrolls
 e - 4 scrolls of remove curse {unknown}
 g - 5 scrolls of identify {unknown}
 h - 2 scrolls of fear {unknown}
 l - a scroll of enchant weapon {unknown}
 m - 4 scrolls of teleportation {unknown}
 o - a scroll of immolation {unknown}
Potions
 c - a potion of might
 f - 2 potions of mutation {unknown}
 n - a potion of haste {unknown}
 p - a potion of curing {unknown}
 t - a potion of resistance {unknown}
Comestibles
 d - 8 rations


   Skills:
 + Level 3.7 Fighting
 + Level 3.1 Armour
 + Level 3.1 Shields
 * Level 3.3 Unarmed Combat


You had 3 spell levels left.
You didn't know any spells.
Your spell library was empty.

Dungeon Overview and Level Annotations

Branches:
Dungeon (3/15)

Altars:

Annotations:
D:3 Ijyb


Innate Abilities, Weirdness & Mutations

Your body is rotting away.
You thrive on raw meat.
You are immune to poison.
You have sharp fingernails.
You are carnivorous and can eat meat at any time.
Your flesh is cold resistant. (rC+)
You are immune to negative energy. (rN+++)
You do not regenerate when monsters are visible.
You are immune to unholy pain and torment.
You can survive without breathing.


Message History

The acid corrodes you!
You are splashed with acid!
* * * LOW HITPOINT WARNING * * *
You are too injured to fight recklessly!
You are too injured to fight recklessly!
You are too injured to fight recklessly!
You are too injured to fight recklessly!
You are too injured to fight recklessly!
You are too injured to fight recklessly!
You are too injured to fight recklessly!
You are too injured to fight recklessly!
You are too injured to fight recklessly!
You are too injured to fight recklessly!
You are too injured to fight recklessly!
You are too injured to fight recklessly!
You are too injured to fight recklessly!
You hit Ijyb but do no damage. You block Ijyb's attack.
You hit Ijyb but do no damage.
Ijyb zaps a wand.
The bolt of acid hits you!
* * * LOW HITPOINT WARNING * * *
The acid corrodes you!
You are splashed with acid!
You die...

..g...# .#. .....# ...
....# ... ...# #># # # ..#
#.# .##. #.# #.# ... #.#
#.# #.#####g######.###
###.#.....@...)...[..#
........####.#####.#.######
# ##...##.####.#
#...#...#... #####
#.#.........# #.#####...##
....# #...###.#####
#...#.....## ###.###### #.#
##..#...#.## ......# ##.##
#....#.#.## .##.#.# #...#
#.#....#.# .##.#.#
#...#######.#.##.#.#


You could see Ijyb.

Vanquished Creatures
  A gnoll (D:1)
  An adder (D:2)
  A worm (D:2)
  3 dart slugs (D:1)
  5 bats
  7 goblins
  6 hobgoblins
  A quokka (D:2)
  A ball python (D:2)
  A frilled lizard (D:2)
  3 kobolds
  3 rats (D:1)
33 creatures vanquished.

Notes
Turn   | Place    | Note
-------+----------+-------------------------------------------
     0 | D:1      | ReteAZ the Ghoul Fighter began the quest for the Orb.
     0 | D:1      | Reached XP level 1. HP: 19/19 MP: 0/0
   117 | D:1      | Reached XP level 2. HP: 11/26 MP: 1/1
   244 | D:1      | Reached XP level 3. HP: 31/31 MP: 2/2
  1368 | D:3      | Reached XP level 4. HP: 40/40 MP: 3/3
  1676 | D:3      | Noticed Ijyb
  1690 | D:3      | Splashed by Ijyb's acid

Levels and vault maps discovered:
D:1:      dpeg_arrival_chambers_temple_mockup, layout_loops_ring
D:2:      layout_loops_ring
D:3:      layout_loops_cross, uniq_ijyb

Skill      XL: |  1  2  3 |
---------------+----------+-----
Unarmed Combat | 3 |  3.3
Armour         | 3 |  3.1
Shields        | 3 |  3.1
Fighting       | |  3.7

Action                   |  1- 3 |  4- 6 || total
-------------------------+-------+-------++-------
Melee: Unarmed           |   102 |    22 ||   124
  Eat: Chunk             |    12 |       ||    12
Armor: Scale mail        |    31 |     4 ||    35
Dodge: Dodged            |    22 |       ||    22
Block: Kite shield       |    18 |       ||    18
       Tower shield      |    51 |    13 ||    64

Table legend:
 A = Non-vault XP
 B = Vault XP
 C = Vault XP percentage of total XP
 D = Non-vault monster count
 E = Vault monster count
 F = Vault count percentage of total count
                 A         B        C        D         E       F
            +---------+---------+-------+---------+---------+-------
      Total |      89 |       0 |   0.0 |      33 |       0 |   0.0
            +---------+---------+-------+---------+---------+-------
        D:1 |      50 |       0 |   0.0 |      19 |       0 |   0.0
        D:2 |      31 |       0 |   0.0 |       9 |       0 |   0.0
        D:3 |       8 |       0 |   0.0 |       5 |       0 |   0.0
            +---------+---------+-------+---------+---------+-------
